 Dungeon Crawl Stone Soup version 0.27-a0-1334-g2746e35aca (webtiles) character file.

Game seed: 12038735021079751165

90 Gargoyl the Skirmisher (level 4, -4/41 HPs)
             Began as a Gnoll Abyssal Knight on June 26, 2021.
             Was a Follower of Lugonu.
             Slain by a tentacled starspawn (7 damage)
             ... on level 2 of the Abyss.
             The game lasted 00:02:19 (223 turns).

Gargoyl the Skirmisher (Gnoll Abyssal Knight)        Turns: 223, Time: 00:02:19

Health: -4/41      AC:  6    Str: 13    XL:     4   Next: 56%
Magic:  7/7        EV: 11    Int: 11    God:    Lugonu [*.....]
Gold:   14         SH:  0    Dex: 11    Spells: 5/5 levels left

rFire    . . .     SeeInvis .   a - +1 hand axe
rCold    . . .     Faith    .   (no shield)
rNeg     . . .     Spirit   .   e - +0 ring mail
rPois    .         Reflect  .   (no helmet)
rElec    .         Harm     .   (no cloak)
rCorr    .         Rampage  .   (no gloves)
Will     .....                  (no boots)
Stlth    +.........             (no amulet)
HPRegen  0.13/turn              (no ring)
MPRegen  0.10/turn              (no ring)

@: no status effects
A: fangs 1, strong nose, distributed training
a: Renounce Religion, Depart the Abyss


You were on level 2 of the Abyss.
You worshipped Lugonu.
Lugonu was aware of your devotion.
You visited 0 branches of the dungeon, and saw 0 of its levels.
You visited the Abyss 1 time.

You collected 14 gold pieces.

Inventory:

Hand Weapons
 a - a +1 hand axe (weapon)
Armour
 e - a +0 ring mail (worn)
Potions
 c - a potion of cancellation
 d - a potion of might


   Skills:
 + Level 6.6 Fighting
 + Level 1.2 Short Blades
 + Level 1.2 Long Blades
 + Level 4.6 Axes
 + Level 1.2 Maces & Flails
 + Level 1.2 Polearms
 + Level 1.2 Staves
 + Level 1.2 Slings
 + Level 1.2 Bows
 + Level 1.2 Crossbows
 + Level 1.2 Throwing
 + Level 4.6 Armour
 + Level 2.8 Dodging
 + Level 1.2 Stealth
 + Level 1.2 Shields
 + Level 1.2 Unarmed Combat
 + Level 1.2 Spellcasting
 + Level 1.0 Conjurations
 + Level 1.0 Hexes
 + Level 1.0 Summonings
 + Level 1.0 Necromancy
 + Level 1.0 Translocations
 + Level 1.0 Transmutations
 + Level 1.0 Fire Magic
 + Level 1.0 Ice Magic
 + Level 1.0 Air Magic
 + Level 1.0 Earth Magic
 + Level 1.0 Poison Magic
 + Level 4.7 Invocations
 + Level 1.2 Evocations


You had 5 spell levels left.
You didn't know any spells.
Your spell library was empty.

Dungeon Overview and Level Annotations

Branches:
Dungeon (0/15)

Altars:


Innate Abilities, Weirdness & Mutations

You have very sharp teeth.
Your uncanny sense of smell can sniff out nearby items.
Your experience applies equally to all skills.


Message History

Okay, then.
A starspawn tentacle comes into view.
The substance of the Abyss twists violently, and a gateway leading out appears!
The tentacled starspawn is no longer covered in acid.
There is a gateway leading out of the Abyss here.
Aiming: Corrosive Bolt
Press: ? - help, Shift-Dir - straight line, f - you
Okay, then.
Aiming: Corrosive Bolt
Press: ? - help, Shift-Dir - straight line, f - tentacled starspawn
Aim: a tentacled starspawn (heavily damaged, 90% to hit)
The bolt of acid hits the tentacled starspawn!
The tentacled starspawn is splashed with acid.
The acid corrodes the tentacled starspawn!
The tentacled starspawn is severely damaged.
Aiming: Corrosive Bolt
Press: ? - help, Shift-Dir - straight line, f/p - tentacled starspawn
Aim: a tentacled starspawn (severely damaged, covered in acid, 90% to hit)
The bolt of acid hits the tentacled starspawn!
The tentacled starspawn is splashed with acid.
The tentacled starspawn seems to be corroded for longer.
The tentacled starspawn is almost destroyed.
The now-empty wand crumbles to dust.
Unknown command.
Tentacles burst from the starspawn's body! 2 starspawn tentacles come into view.
You hit the starspawn tentacle.
The starspawn tentacle is moderately damaged.
The starspawn tentacle barely misses you.
You hit the starspawn tentacle.
The starspawn tentacle is heavily damaged.
Unknown command.
The tentacled starspawn bites you!!
Ouch! That really hurt!
The tentacled starspawn tentacle-slaps you!
* * * LOW HITPOINT WARNING * * *
You hit the tentacled starspawn.
The tentacled starspawn is almost destroyed.
The tentacled starspawn bites you!
You die...

###.#.. # #
.#..# ##∩[.#
#...# ###.#.# #
###....##.#
#.#.# #..# ##
###..###.### #
. ##
#...#@#.#.# .#
.#####.#X##.#.#
.. ## # .
###.##.### .# #
. ###.#.#. #
#..# .. .# . #.
# . . ..#
X###..# #.
wX#.. # . .# ##
. #.#.# # ##.#
. # # . #w ####


You could see a tentacled starspawn (corroded).

Vanquished Creatures
  A small abomination (Abyss:2)
  A starspawn tentacle (Abyss:2)
2 creatures vanquished.

Vanquished Creatures (others)
  13 starspawn tentacles (Abyss:2)
13 creatures vanquished.

Grand Total: 15 creatures vanquished

Notes
Turn   | Place    | Note
-------+----------+-------------------------------------------
     0 | Abyss:1  | Gargoyl the Gnoll Abyssal Knight began the quest for the
                  | Orb.
     0 | Abyss:1  | Reached XP level 1. HP: 23/23 MP: 3/3
    67 | Abyss:1  | Found a broken altar of Ashenzari.
    68 | Abyss:1  | Noticed a spatial vortex
   103 | Abyss:2  | Noticed a smoke demon
   132 | Abyss:2  | Found a stormy altar of Qazlal.
   141 | Abyss:2  | Noticed a tentacled starspawn
   144 | Abyss:2  | Found a stormy altar of Qazlal.
   209 | Abyss:2  | Noticed a small abomination
   211 | Abyss:2  | Killed a small abomination
   212 | Abyss:2  | Reached skill level 1 in Short Blades
   212 | Abyss:2  | Reached skill level 1 in Long Blades
   212 | Abyss:2  | Reached skill level 1 in Maces & Flails
   212 | Abyss:2  | Reached skill level 1 in Polearms
   212 | Abyss:2  | Reached skill level 1 in Staves
   212 | Abyss:2  | Reached skill level 1 in Slings
   212 | Abyss:2  | Reached skill level 1 in Bows
   212 | Abyss:2  | Reached skill level 1 in Crossbows
   212 | Abyss:2  | Reached skill level 1 in Throwing
   212 | Abyss:2  | Reached skill level 1 in Stealth
   212 | Abyss:2  | Reached skill level 1 in Shields
   212 | Abyss:2  | Reached skill level 1 in Unarmed Combat
   212 | Abyss:2  | Reached skill level 1 in Spellcasting
   212 | Abyss:2  | Reached skill level 1 in Conjurations
   212 | Abyss:2  | Reached skill level 1 in Hexes
   212 | Abyss:2  | Reached skill level 1 in Summonings
   212 | Abyss:2  | Reached skill level 1 in Necromancy
   212 | Abyss:2  | Reached skill level 1 in Translocations
   212 | Abyss:2  | Reached skill level 1 in Transmutations
   212 | Abyss:2  | Reached skill level 1 in Fire Magic
   212 | Abyss:2  | Reached skill level 1 in Ice Magic
   212 | Abyss:2  | Reached skill level 1 in Air Magic
   212 | Abyss:2  | Reached skill level 1 in Earth Magic
   212 | Abyss:2  | Reached skill level 1 in Poison Magic
   212 | Abyss:2  | Reached skill level 1 in Evocations
   212 | Abyss:2  | Reached XP level 2. HP: 29/29 MP: 5/5
   212 | Abyss:2  | Reached XP level 3. HP: 35/35 MP: 6/6
   212 | Abyss:2  | Reached XP level 4. HP: 41/41 MP: 7/7
   223 | Abyss:2  | Slain by a tentacled starspawn

Illustrated notes

Levels and vault maps discovered:
Abyss:2:  base:
Temple

Skill      XL: |  1 |
---------------+----+-----
Short Blades   | 1 |  1.2
Long Blades    | 1 |  1.2
Maces & Flails | 1 |  1.2
Polearms       | 1 |  1.2
Staves         | 1 |  1.2
Slings         | 1 |  1.2
Bows           | 1 |  1.2
Crossbows      | 1 |  1.2
Throwing       | 1 |  1.2
Stealth        | 1 |  1.2
Shields        | 1 |  1.2
Unarmed Combat | 1 |  1.2
Spellcasting   | 1 |  1.2
Conjurations   | 1 |  1.0
Hexes          | 1 |  1.0
Summonings     | 1 |  1.0
Necromancy     | 1 |  1.0
Translocations | 1 |  1.0
Transmutations | 1 |  1.0
Fire Magic     | 1 |  1.0
Ice Magic      | 1 |  1.0
Air Magic      | 1 |  1.0
Earth Magic    | 1 |  1.0
Poison Magic   | 1 |  1.0
Evocations     | 1 |  1.2
Fighting       | |  6.6
Axes           | |  4.6
Armour         | |  4.6
Dodging        | |  2.8
Invocations    | |  4.7

Action                   |  1- 3 |  4- 6 || total
-------------------------+-------+-------++-------
Melee: Hand axe          |       |     3 ||     3
Evoke: Wand              |     4 |     2 ||     6
  Use: Scroll            |     3 |       ||     3
       Potion            |     2 |       ||     2
Dodge: Dodged            |       |     1 ||     1

Table legend: (Time is in decaauts)
 A = Elapsed time spent in this place.
 B = Non-inter-level travel time spent in this place.
 C = Inter-level travel time spent in this place.
 D = Time resting spent in this place.
 E = Time spent auto-exploring this place.
 F = Levels seen in this place.
 G = Mean time per level.
                   A        B        C        D        E       F      G
               +--------+--------+--------+--------+--------+-----+--------+
         Total |    222 |    222 |      0 |      0 |     97 |   2 |  111.0 |
         Abyss |    222 |    222 |      0 |      0 |     97 |   2 |  111.0 |
               +--------+--------+--------+--------+--------+-----+--------+

Top non-repeatable levels by time:
 Abyss:2: 139 daAuts
 Abyss:1: 83 daAuts
